 Dungeon Crawl Stone Soup version 0.31.0-32-g396128a36d (webtiles) character file.

Game seed: 1217667199263553263

2696 safid the Grappler (level 9, -6/71 HPs)
             Began as a Red Draconian Shapeshifter on Mar 29, 2024.
             Mangled by a spriggan
             ... wielding a +0 spear
              (10 damage)
             ... in a bailey on Mar 30, 2024.
             The game lasted 00:13:42 (6406 turns).

safid the Grappler (Red Draconian Shapeshifter)     Turns: 6406, Time: 00:13:42

Health: -6/71      AC:  7    Str: 20 (22) XL:     9   Next: 38%
Magic:  9/9        EV: 11    Int:  9 (10) God:
Gold:   351        SH:  3    Dex:  8 (10) Spells: 8/8 levels left

rFire   + .          .
                       - Unarmed
rCold   . . .        h - +0 buckler
rNeg    . . .        (body armour unavailable)
rPois   +            (helmet currently unavailable)
rElec   .            (cloak currently unavailable)
rCorr   .            (gloves currently unavailable)
SInv    .            (boots currently unavailable)
Will    .....        (no amulet)
Stlth   +            k - ring of poison resistance
HPRegen 0.31/turn    (no ring)
MPRegen 0.11/turn

%: no passive effects
@: beast-form, hasted, very quick
A: beast (slay +4), breathe fire, AC +7, unfitting armour, fire resistance 1,
cold-blooded, talons 1, mutation resistance 1
a: Breathe Fire, Begin Untransformation


You were in a bailey.
You were a hulking beast.
You visited 1 branch of the dungeon, and saw 7 of its levels.
You also visited: Sewer and Bailey.

You collected 351 gold pieces.

Inventory:

Missiles
 u - 3 throwing nets (quivered)
Armour
 h - a +0 buckler (worn)
Jewellery
 k - a ring of poison resistance (left hand)
 v - a ring of magical power
 y - a +4 ring of slaying
 A - a +5 ring of evasion
Talismans
 b - a beast talisman
 c - a flux talisman
Wands
 a - a wand of paralysis (10)
 w - a wand of polymorph (22)
 B - a wand of flame (24)
Scrolls
 f - 3 scrolls of amnesia {unknown}
 i - 2 scrolls of teleportation {unknown}
 j - a scroll of fear {unknown}
 l - 4 scrolls of identify {unknown}
 m - a scroll of fog {unknown}
 n - a scroll of immolation {unknown}
 r - 2 scrolls of poison {unknown}
 s - 2 scrolls of silence {unknown}
 t - a scroll of brand weapon {unknown}
Potions
 e - a potion of degeneration
 g - a potion of invisibility {unknown}
 p - a potion of resistance
 q - a potion of cancellation
 z - a potion of curing {unknown}


   Skills:
 + Level 4.1 Fighting
 - Level 2.0 Dodging
 + Level 10.6 Unarmed Combat
 * Level 7.0 Shapeshifting


You had 8 spell levels left.
You didn't know any spells.
Your spell library contained the following spells:

 Spells                   Type           Power      Damage    Failure   Level
 Kiss of Death            Conj/Necr      0%         2d5       45%         1
 Sublimation of Blood     Necr           0%         N/A       61%         2
 Inner Flame              Hex/Fire       0%         N/A       83%         3
 Manifold Assault         Tloc           0%         N/A       99%         4
 Fireball                 Conj/Fire      0%         3d3       100%        5
 Irradiate                Conj/Alch      0%         3d11      100%        5
 Dispersal                Tloc           0%         N/A       100%        6
 Disjunction              Tloc           0%         N/A       100%        8
 Ignition                 Fire           0%         3d3       100%        8
 Lehudib's Crystal Spear  Conj/Erth      0%         10d2      100%        8


Dungeon Overview and Level Annotations

Branches:
Dungeon (7/15)             Temple (0/1) D:6           Sewer (visited)
 Bailey (1/1)

Altars:
Cheibriados
Dithmenos
Kikubaaqudgha
Ru
Sif Muna
Uskayaw

Shops:
D:5 (   D:6 [:

Annotations:
D:6 3 runed translucent doors, Curundu's ghost, novice MiBe; FallenXxXSky's ghost, novice KoAr; spaghetti's ghost, novice NaCK; systembuster's ghost, novice AtFi; uncleiroh's ghost, novice DsBe


Innate Abilities, Weirdness & Mutations

You are a hulking beast.
Your limbs bulge with bestial killing power. (Slay +4)
You can breathe blasts of fire.
Your fiery red scales are hard. (AC +7)
You cannot fit into any form of body armour.
Your flesh is heat resistant. (rF+)
You are cold-blooded and may be slowed by cold attacks.
You have sharp toenails.
You are somewhat resistant to further mutation.


Message History

You are too injured to fight recklessly!
You are too injured to fight recklessly!
You are too injured to fight recklessly!
You are too injured to fight recklessly!
You are too injured to fight recklessly!
You are too injured to fight recklessly!
You hit the spriggan. Your kick misses the spriggan.
The spriggan is moderately wounded.
You miss the spriggan.
The spriggan is moderately wounded.
The spriggan hits you with a +0 spear.
The spriggan hits you from afar with a +0 spear!
You closely miss the spriggan. Your kick misses the spriggan.
Your tail-slap misses the spriggan.
The spriggan is moderately wounded.
The spriggan closely misses you.
A spriggan comes into view. It is wielding a +0 spear.
The spriggan closely misses you.
You closely miss the spriggan.
The spriggan is moderately wounded.
The spriggan hits you with a +0 spear!
* * * LOW HITPOINT WARNING * * *
Unknown command.
The spriggan hits you but does no damage.
The spriggan attacks as it pursues you! You block the spriggan's attack. x2
The spriggan attacks as it pursues you!
The spriggan hits you from afar with a +0 spear.
* * * LOW HITPOINT WARNING * * *
The spriggan hits you from afar with a +0 spear.
* * * LOW HITPOINT WARNING * * *
The spriggan attacks as it pursues you!
The spriggan hits you from afar with a +0 spear.
* * * LOW HITPOINT WARNING * * *
You feel yourself speed up. The spriggan completely misses you.
The spriggan hits you from afar with a +0 spear.
* * * LOW HITPOINT WARNING * * *
Unknown command.
The spriggan attacks as it pursues you!
The spriggan hits you from afar with a +0 spear!
You die...

#.........##
..###♣###..##
.# ##..##
##..## ♣#..#
#..# #..#
♣..# #h.#
#..# #♣i.#
##i.## #.)##
.~~~..i.##
.......##
......#
######


You could see 2 spriggans.

Vanquished Creatures
  A hornet (D:7)
  A spriggan (Bailey)
  A wyvern (D:5)
  Menkaure (D:6)
  A water moccasin (D:6)
  A sky beast (D:6)
  4 ogres
  A centaur (D:6)
  A crocodile (Sewer)
  3 phantoms
  A gnoll sergeant (D:5)
  2 scorpions (D:6)
  4 killer bees (D:6)
  A howler monkey (D:5)
  A bombardier beetle (D:4)
  A jelly (D:5)
  An orc priest (D:7)
  2 hounds (D:5)
  2 gnoll boudas (D:7)
  3 orc wizards
  2 sleepcaps
  26 gnolls
  4 adders
  2 white imps (D:5)
  3 dart slugs
  2 ribbon worms
  16 orcs
  6 endoplasms
  6 giant cockroaches
  9 goblins
  4 hobgoblins
  7 jackals
  4 quokkas
  9 ball pythons
  3 bats
  5 frilled lizards
  6 kobolds
  8 rats
155 creatures vanquished.

Notes
Turn   | Place    | Note
-------+----------+-------------------------------------------
     0 | D:1      | safid the Draconian Shapeshifter began the quest for the
                  | Orb.
     0 | D:1      | Reached XP level 1. HP: 16/16 MP: 1/1
   133 | D:1      | Got the Directory of Attacks and the Mortuary
   298 | D:1      | Reached XP level 2. HP: 22/23 MP: 2/2
   798 | D:2      | Reached XP level 3. HP: 28/28 MP: 3/3
  1016 | D:2      | Found a snail-covered altar of Cheibriados.
  1454 | D:3      | Reached skill level 4 in Unarmed Combat
  1602 | D:3      | Reached XP level 4. HP: 35/35 MP: 4/4
  2233 | D:4      | Noticed an ogre
  2255 | D:4      | Killed an ogre
  2256 | D:4      | Reached XP level 5. HP: 39/40 MP: 5/5
  2322 | D:4      | Reached skill level 5 in Unarmed Combat
  2574 | D:4      | Found a shimmering blue altar of Sif Muna.
  2590 | D:4      | Noticed an ogre
  2605 | D:4      | Killed an ogre
  2606 | D:4      | Reached XP level 6. HP: 31/48 MP: 6/6
  3135 | D:5      | Entered Level 5 of the Dungeon
  3137 | D:5      | Noticed a wyvern
  3147 | D:5      | Killed a wyvern
  3148 | D:5      | Reached skill level 6 in Unarmed Combat
  3148 | D:5      | Your scales start taking on a fiery red colour.
  3148 | D:5      | Reached XP level 7. HP: 14/55 MP: 7/7
  3148 | D:5      | Gained mutation: Your flesh is heat resistant. (rF+) [Red
                  | Draconian growth]
  3361 | D:5      | Reached skill level 5 in Shapeshifting
  3448 | D:5      | Found a glowing drain.
  3466 | Sewer    | Entered a sewer
  3793 | D:5      | Found Ititenurr's Weapon Shop.
  3853 | D:5      | Reached skill level 7 in Unarmed Combat
  4484 | D:6      | Found an ancient bone altar of Kikubaaqudgha.
  4485 | D:6      | Found a shadowy altar of Dithmenos.
  4486 | D:6      | Found a sacrificial altar of Ru.
  4492 | D:6      | Reached XP level 8. HP: 62/62 MP: 8/8
  4515 | D:6      | Reached skill level 8 in Unarmed Combat
  4603 | D:6      | Found Aphuut's Armour Boutique.
  4628 | D:6      | Identified the +5 sling of Eternal Harmony {flame, Str+3
                  | SInv}
  4632 | D:6      | Found Toupnul's Self-Improvement Boutique.
  4654 | D:6      | Found a runed translucent gate.
  4655 | D:6      | Found a runed translucent gate.
  4703 | D:6      | Noticed Menkaure
  4713 | D:6      | Killed Menkaure
  4714 | D:6      | Reached skill level 9 in Unarmed Combat
  4837 | D:6      | Found a runed translucent gate.
  4837 | D:6      | Noticed FallenXxXSky's ghost (novice KoAr)
  4838 | D:6      | Noticed spaghetti's ghost (novice NaCK)
  4839 | D:6      | Noticed uncleiroh's ghost (novice DsBe)
  4839 | D:6      | Noticed systembuster's ghost (novice AtFi)
  4839 | D:6      | Noticed Curundu's ghost (novice MiBe)
  4853 | D:6      | Found a hide-covered altar of Uskayaw.
  5498 | D:6      | Found a staircase to the Ecumenical Temple.
  5737 | D:7      | Reached XP level 9. HP: 31/71 MP: 9/9
  5791 | D:7      | HP: 3/71 [gnoll/+0 halberd[a gnoll bouda] (7)]
  6052 | D:7      | Reached skill level 10 in Unarmed Combat
  6134 | D:7      | Found a flagged portal.
  6143 | D:7      | Gained mutation: You have sharp toenails. [potion of
                  | mutation]
  6143 | D:7      | Gained mutation: You are somewhat resistant to further
                  | mutation. [potion of mutation]
  6187 | Bailey   | Entered a bailey
  6406 | Bailey   | Mangled by a spriggan

Illustrated notes

Levels and vault maps discovered:
D:1:      sevenhm_arrival_forest_fort_large_2, layout_basic, minmay_quantized
D:2:      layout_loops_ring, basic_altar, chequers_garden
D:3:      layout_basic, chequers_mini_garden, st_stairs_8
D:4:      layout_basic, mainiacjoe_overflow_cross_hatched
D:5:      layout_loops_ring, gup_sewer_entry_pipe, serial_shops,
          nicolae_shop_bloodbath_and_beyond
D:6:      layout_rooms, amcnicky_altar_gilded,
          chequers_temple_overflow_statue_of_worship, temple_pool_b,
          serial_shops, shop, gammafunk_ghost_cemetery, hangedman_decor_points,
          nicolae_shop_self_help, uniq_menkaure
D:7:      layout_loops_corners, mainiacjoe_overflow_surrounded_room,
          elyvilon_altar_3, enter_bailey_5
Bailey:   bailey_polearm_enchanted_keep_hellmonk, bailey

Skill      XL: |  1  2  3  4  5  6  7  8  9 |
---------------+----------------------------+-----
Dodging        | 2 |  2.0
Unarmed Combat | 4 5 6 7 9 10 | 10.6
Shapeshifting  | 4 5 6 7 |  7.0
Fighting       | 2 3 4 |  4.1

Action                     |  1- 3 |  4- 6 |  7- 9 || total
---------------------------+-------+-------+-------++-------
  Melee: Unarmed           |   137 |    79 |   295 ||   511
         Tailslap          |    12 |    12 |    38 ||    62
         Kick              |       |       |     8 ||     8
  Throw: Throwing net      |       |     1 |       ||     1
    Use: Potion            |       |       |     9 ||     9
   Stab: Sleeping          |     1 |       |       ||     1
 Armour: Skin              |    69 |    28 |   244 ||   341
  Dodge: Dodged            |    67 |    32 |   139 ||   238
  Block: Buckler           |    25 |     9 |    49 ||    83
